 Dungeon Crawl Stone Soup version 0.29-a0-993-g4a18f31a58 (webtiles) character file.

Game seed: 10529847949922171404

25 Newt the Charlatan (level 2, -1/21 HPs)
             Began as a Demonspawn Artificer on Aug 2, 2022.
             Slain by a gnoll
             ... wielding a +0 whip
              (5 damage)
             ... on level 1 of the Dungeon.
             The game lasted 00:03:14 (1734 turns).

Newt the Charlatan (Demonspawn Artificer)           Turns: 1734, Time: 00:03:17

Health: -1/21      AC:  3    Str: 12    XL:     2   Next: 82%
Magic:  2/2        EV: 11    Int: 12    God:
Gold:   46         SH:  0    Dex: 13    Spells: 1/1 levels left

rFire   . . .      SeeInvis .     - Unarmed
rCold   . . .      Faith    .   (no shield)
rNeg    . . .      Spirit   .   b - +0 leather armour
rPois   .          Reflect  .   (no helmet)
rElec   .          Harm     .   (no cloak)
rCorr   .          Rampage  .   (no gloves)
Will    .....                   (no boots)
Stlth   +.........              (no amulet)
HPRegen 0.07/turn               (no ring)
MPRegen 0.08/turn               (no ring)

@: studying Unarmed Combat
A: ignite blood 1
a: no special abilities


You were on level 1 of the Dungeon.
You visited 1 branch of the dungeon, and saw 2 of its levels.

You collected 46 gold pieces.

Inventory:

Hand Weapons
 a - a +0 club
Armour
 b - a +0 leather armour (worn)
Wands
 c - a wand of flame (10) (quivered)
 d - a wand of charming (12)
 e - a wand of iceblast (9)
Scrolls
 g - 2 scrolls of identify {unknown}
 h - 3 scrolls of vulnerability {unknown}
Potions
 f - a potion of cancellation {unknown}
 i - a potion of mutation {unknown}
 j - a potion of might {unknown}


   Skills:
 + Level 1.0 Fighting
 - Level 0.3 Maces & Flails
 + Level 1.9 Armour
 + Level 0.8 Dodging
 - Level 0.8 Stealth
 * Level 1.2 Unarmed Combat
 * Level 0.4 Spellcasting
 * Level 0.5 Ice Magic
 + Level 3.4 Evocations


You had one spell level left.
You didn't know any spells.
Your spell library contained the following spells:

 Spells                   Type           Power      Damage    Failure   Level
 Freeze                   Ice            4%         1d3       32%         1
 Foxfire                  Conj/Fire      0%         2x1d4     38%         1
 Frozen Ramparts          Ice            2%         1d8       67%         3
 Hailstorm                Conj/Ice       0%         3d3       98%         4


Dungeon Overview and Level Annotations

Branches:
Dungeon (2/15)

Altars:


Innate Abilities, Weirdness & Mutations

Your demonic aura sometimes causes spilled blood to erupt in flames.


Message History

You hit the kobold but do no damage.
The kobold is heavily wounded.
The kobold closely misses you.
You completely miss the kobold.
The kobold is heavily wounded.
The kobold hits you but does no damage.
You hit the kobold.
You kill the kobold!
No target in view!
No target in view!
Found a faded altar of an unknown god.
You pick up Plato's Grimoire of the Blaze and begin reading...
You add the spell Foxfire to your library.
There is a faded altar of an unknown god here.
Okay, then.
i - a grey potion
There is an open door here.
There is an open door here.
There is an open door here.
j - a lumpy orange potion
There is an open door here.
There is an open door here.
There is a stone staircase leading down here.
You climb downwards.
The gnoll shouts!
The rat bites you. The gnoll hits you with a +0 whip.
The gnoll throws a throwing net.
The throwing net misses you. The gnoll closely misses you.
There is a stone staircase leading up, spattered with blood here.
The rat closely misses you. The gnoll hits you with a +0 whip!
The gnoll hits you with a +0 whip.
* * * LOW HITPOINT WARNING * * *
You climb upwards.
There is a stone staircase leading down here.
Aiming: Charm
Press: ? - help, Q - select action, (/) - cycle Shift-Dir - straight line, f - gnoll
Aim: a gnoll, wielding a +0 whip (chance to affect: 67%)
The gnoll struggles to resist.
The gnoll hits you with a +0 whip.
You die...

#......#..##..#..#.##.#..##...#.#
.......#......#..#.##.#.........#
......###........#.##.........#.#
####..#####......#.##............
............##....###.#.#####.#.#
.....######.##..........# #...#
.....######.###...###.#.# #.#.#
............##.ggr(.....# #.#..
............##..@.###.#.#####.#.#
.................................
##.............##....)..#####.###
#.........#########)...... #.# #
######.......# ..........##.# #
####.......# #..........##.# #
###..........# #..........##.# #
#.'..........# #...#.........# #
#.#..........# #...###.#########


You could see 2 gnolls and a rat.

Vanquished Creatures
  An endoplasm (D:1)
  A giant cockroach (D:1)
  A goblin (D:1)
  2 hobgoblins (D:1)
  3 jackals (D:1)
  3 quokkas (D:1)
  2 bats (D:1)
  3 frilled lizards (D:1)
  4 kobolds (D:1)
  4 rats (D:1)
24 creatures vanquished.

Vanquished Creatures (others)
  A fungus (D:1)
  2 plants (D:1)
3 creatures vanquished.

Grand Total: 27 creatures vanquished

Notes
Turn   | Place    | Note
-------+----------+-------------------------------------------
     0 | D:1      | Newt the Demonspawn Artificer began the quest for the Orb.
     0 | D:1      | Reached XP level 1. HP: 15/15 MP: 1/1
   333 | D:1      | Gained mutation: Your demonic aura sometimes causes spilled
                  | blood to erupt in flames. [demonic ancestry]
   333 | D:1      | Reached XP level 2. HP: 18/21 MP: 2/2
   974 | D:1      | Reached skill level 1 in Unarmed Combat
   987 | D:1      | HP: 1/21 [frilled lizard (2)]
  1549 | D:1      | Found a faded altar of an unknown god.
  1554 | D:1      | Got Plato's Grimoire of the Blaze
  1734 | D:1      | Slain by a gnoll

Illustrated notes

Levels and vault maps discovered:
D:1:      doesnt_arrival_eight_statues, layout_basic,
          shapermc_ecumenical_altar_rom_forum
D:2:      layout_loops_ring, basic_altar

Skill      XL: |  1  2 |
---------------+-------+-----
Unarmed Combat | 1 |  1.2
Fighting       | |  1.0
Maces & Flails | |  0.3
Armour         | |  1.9
Dodging        | |  0.8
Stealth        | |  0.8
Spellcasting   | |  0.4
Ice Magic      | |  0.5
Evocations     | |  3.4

Action                   || total
-------------------------++-------
Melee: Club              ||    57
       Punch             ||     2
       Unarmed           ||    46
Evoke: Wand              ||     8
  Use: Scroll            ||     1
 Stab: Sleeping          ||     3
Armor: Leather armour    ||    40
Dodge: Dodged            ||    80

Table legend: (Time is in decaauts)
 A = Elapsed time spent in this place.
 B = Non-inter-level travel time spent in this place.
 C = Inter-level travel time spent in this place.
 D = Time resting spent in this place.
 E = Time spent auto-exploring this place.
 F = Levels seen in this place.
 G = Mean time per level.
                   A        B        C        D        E       F      G
               +--------+--------+--------+--------+--------+-----+--------+
         Total |   1750 |   1718 |     32 |    662 |    837 |   2 |  875.0 |
       Dungeon |   1750 |   1718 |     32 |    662 |    837 |   2 |  875.0 |
               +--------+--------+--------+--------+--------+-----+--------+

Top non-repeatable levels by time:
     D:1: 1745 daAuts
     D:2: 4 daAuts
